 Dungeon Crawl Stone Soup version 0.17.1-1-g73c8601 (webtiles) character file.

1485 Arkorax the Basher (level 8, -2/93 HPs)
             Began as an Ogre Wanderer on Dec 22, 2015.
             Slain by a wight
             ... wielding a +2 spear
              (6 damage)
             ... on level 7 of the Dungeon.
             The game lasted 00:12:56 (8582 turns).

Arkorax the Basher (Ogre Wanderer)                  Turns: 8582, Time: 00:12:56

Health: -2/93      AC:  4    Str: 18    XL:     8   Next: 79%
Magic:  11/11      EV:  9    Int: 12    God:
Gold:   359        SH:  0    Dex: 10    Spells: 0 memorised, 11 levels left

rFire  . . .     SeeInvis +     x - +0 flail
rCold  . . .     Clarity  .     d - +0 robe
rNeg   . . .     SustAt   +     (no shield)
rPois  .         Gourm    .     (helmet restricted)
rElec  .         Spirit   .     i - +0 cloak
rCorr  .         Warding  .     (gloves unavailable)
rMut   .         Stasis   .     (boots unavailable)
MR     .....                    (no amulet)
Stlth  +.........               C - ring of see invisible
                                r - ring of sustain attributes

@: heavily drained, not resistant to hostile enchantments, very unstealthy
A: unfitting armour, tough skin 1
a: no special abilities


You were on level 7 of the Dungeon.
You were not hungry.

You visited 2 branches of the dungeon, and saw 8 of its levels.

You collected 359 gold pieces.

Inventory:

Hand Weapons
 b - a +2 blowgun
 x - a +0 flail (weapon)
 z - a -1 giant club
 G - a +0 giant spiked club
Missiles
 j - 38 poisoned needles
 F - 3 large rocks (quivered)
Armour
 d - a +0 robe (worn)
 i - a +0 cloak (worn)
Jewellery
 r - a ring of sustain attributes (left hand)
 C - a ring of see invisible (right hand)
 J - an uncursed ring of protection from cold {unknown}
Wands
 y - a wand of polymorph (6)
 D - a wand of paralysis (7)
Scrolls
 a - 5 scrolls of remove curse
 f - 5 scrolls of teleportation {unknown}
 g - 2 scrolls of enchant armour {unknown}
 n - 3 scrolls of recharging {unknown}
 q - 9 scrolls of identify {unknown}
 t - 3 scrolls of random uselessness {unknown}
 v - a scroll of amnesia {unknown}
 A - a scroll of fear {unknown}
 H - a scroll of noise {unknown}
 K - a scroll of enchant weapon {unknown}
Potions
 e - 3 potions of magic {unknown}
 h - 2 potions of haste {unknown}
 l - 2 potions of heal wounds {unknown}
 m - a potion of cancellation {unknown}
 o - a potion of agility
 p - 2 potions of curing {unknown}
 s - 2 potions of brilliance {unknown}
 u - a potion of mutation {unknown}
 w - 2 potions of poison {unknown}
 E - a potion of cure mutation {unknown}
 I - a potion of degeneration {unknown}
Books
 c - Sif Muna's Collected Works on Venomous Confrontation

   Spells                             Type                      Level
   a - Sting                          Conjuration/Poison           1
   b - Mephitic Cloud                 Conjuration/Poison/Air       3
Comestibles
 k - a bread ration
 B - a beef jerky
 L - a meat ration


   Skills:
 + Level 9.7(8.2) Fighting
 + Level 9.8(8.2) Maces & Flails
 - Level 1.0(0.0) Throwing
 - Level 1.7(0.5) Dodging
 - Level 2.4(1.1) Spellcasting
   Level 1.3(0.2) Ice Magic
   Level 1.0(0.0) Poison Magic
 - Level 1.0(0.0) Evocations


You had 11 spell levels left.
You didn't know any spells.

Dungeon Overview and Level Annotations

Branches:
Dungeon (7/15)             Temple (1/1) D:4

Altars:
Fedhas
Kikubaaqudgha
Nemelex Xobeh
Okawaru
Sif Muna
Trog
Xom
Yredelemnul
Zin
The Shining One

Shops:
D:5 (}=

Annotations:
D:3 exclusion: oklob plant


Innate Abilities, Weirdness & Mutations

You are too large for most types of armour.
You have tough skin (AC +1).


Message History

The wight barely misses you.
You hit the wight but do no damage.
The wight is heavily damaged.
The wight hits you with a short sword!
* * * LOW HITPOINT WARNING * * *
You feel drained.
* * * LOW HITPOINT WARNING * * *
The wight hits you from afar with an enchanted spear.
* * * LOW HITPOINT WARNING * * *
The wight hits you with a falchion of freezing.
* * * LOW HITPOINT WARNING * * *
The wight freezes you.
* * * LOW HITPOINT WARNING * * *
The wight hits you but does no damage. The wight hits you but does no damage.
The wight hits you from afar with an enchanted spear.
* * * LOW HITPOINT WARNING * * *
The wight barely misses you.
The wight hits you from afar with an enchanted spear.
You die...

#.. #..#
#..##..###+#####....
#......#...........
......#..........
....#.......... #.
#..#.........
#..##..#......<#
#......#.......+
#......'.....@.#
.########†..z...#+####
...$........z........#
............z........#
.....................#
.....................#
..#+###..............##
. #######+##......#
#......#


You could see 3 wights.

Vanquished Creatures
  An ice beast (D:6)
  2 sky beasts
  2 ogres (D:6)
  An orc warrior (D:5)
  2 giant frogs (D:6)
  A crimson imp (D:7)
  2 hounds
  4 iguanas
  Ijyb (D:3)
  7 worker ants
  Natasha (thrice) (D:3)
  5 orc wizards
  A hound zombie (D:6)
  11 adders
  An adder skeleton (D:6)
  4 worms
  16 orcs
  3 giant cockroaches
  9 hobgoblins
  8 jackals
  9 kobolds
  A ball python (D:2)
  7 bats
  6 giant geckos
  8 giant newts
  7 goblins
  A jackal skeleton (D:6)
  2 quokkas
  A quokka zombie (D:4)
  3 rats
129 creatures vanquished.

Notes
Turn   | Place    | Note
--------------------------------------------------------------
     0 | D:1      | Arkorax the Ogre Wanderer began the quest for the Orb.
     0 | D:1      | Arkorax set off with: 3 curare-tipped needles, a +2 blowgun, Sif Muna's Collected Works on Venomous Confrontation, a +0 robe, a bread ration
     0 | D:1      | Reached XP level 1. HP: 19/19 MP: 3/3
    86 | D:1      | Reached XP level 2. HP: 15/29 MP: 5/5
    88 | D:1      | Reached skill level 1 in Maces & Flails
  1048 | D:2      | Reached skill level 3 in Fighting
  1048 | D:2      | Reached XP level 3. HP: 22/37 MP: 6/6
  1688 | D:2      | Reached XP level 4. HP: 14/48 MP: 7/7
  2438 | D:2      | Reached skill level 4 in Fighting
  2937 | D:2      | Reached XP level 5. HP: 47/55 MP: 8/8
  3060 | D:3      | Noticed Natasha
  3065 | D:3      | Killed Natasha
  3238 | D:3      | You fall through a shaft for 3 floors!
  3242 | D:5      | Entered Level 5 of the Dungeon
  3249 | D:5      | Found Ruavyze's Gadget Emporium.
  3257 | D:5      | Found Feel's Antique Weapon Shoppe.
  3304 | D:4      | Reached skill level 5 in Fighting
  3341 | D:3      | Noticed Ijyb
  3354 | D:3      | Killed Ijyb
  3581 | D:3      | Noticed Natasha
  3593 | D:3      | Killed Natasha
  3720 | D:3      | Found a blossoming altar of Fedhas.
  3731 | D:3      | Noticed an oklob plant
  3818 | D:3      | Reached skill level 5 in Maces & Flails
  3829 | D:3      | Reached XP level 6. HP: 61/66 MP: 9/9
  4120 | D:3      | Noticed Natasha
  4130 | D:3      | Killed Natasha
  4620 | D:4      | Reached skill level 6 in Fighting
  5243 | D:4      | Reached XP level 7. HP: 71/76 MP: 10/10
  5716 | D:4      | Found a staircase to the Ecumenical Temple.
  5734 | Temple   | Entered the Ecumenical Temple
  5979 | D:5      | Reached skill level 7 in Maces & Flails
  6187 | D:5      | Found Tuju's Jewellery Shop.
  6253 | D:5      | Noticed a sky beast
  6264 | D:5      | Killed a sky beast
  6932 | D:6      | Noticed an ogre
  6944 | D:6      | Killed an ogre
  7092 | D:6      | Reached skill level 8 in Fighting
  7092 | D:6      | Reached XP level 8. HP: 69/88 MP: 11/11
  7185 | D:6      | Noticed an orc warrior
  7185 | D:6      | Noticed an ogre
  7239 | D:5      | Killed an orc warrior
  7563 | D:6      | Killed an ogre
  7779 | D:6      | Noticed a sky beast
  7785 | D:6      | Killed a sky beast
  7785 | D:6      | Reached skill level 9 in Fighting
  7832 | D:6      | Noticed an ice beast
  7849 | D:6      | Killed an ice beast
  8080 | D:6      | Found an iron altar of Okawaru.
  8576 | D:7      | HP: 3/93 [wight/enchanted spear (4)]
  8582 | D:7      | Slain by a wight

Action                   |  1- 3 |  4- 6 |  7- 9 || total
-------------------------+-------+-------+-------++-------
Melee: Club              |    22 |       |       ||    22
       Whip              |   130 |   184 |       ||   314
       Unarmed           |       |     5 |       ||     5
       Flail             |       |   100 |   192 ||   292
 Fire: Blowgun           |    15 |    11 |     5 ||    31
Throw: Large rock        |       |     8 |    17 ||    25
  Use: Scroll            |       |       |     1 ||     1
 Stab: Sleeping          |     1 |       |     1 ||     2
       Confused          |       |     1 |       ||     1
  Eat: Chunk             |     2 |     4 |       ||     6
       Bread ration      |       |     2 |     2 ||     4
       Beef jerky        |       |     1 |       ||     1
